cohdb
Replays
Latest Replays
All Replays
Popular Replays
Top Player Replays
Match Explorer
How It Works
Community
CoH3 Stats
Reddit
Sign in to upload your games and track your stats! →
Sign in with Steam
Match 42227842
Unlisted
Match 42227842
Overview
Messages
Build Orders
End
Construct Barracks
Riflemen Squad
1⁄4-ton 4x4 Truck
Riflemen Squad
Riflemen Squad
Grenade Package
Engineer Squad
Mortar Pit
Mechanized Support Center
Construct Motor Pool
M1 Anti-tank Gun Team
Selects Armored Battlegroup
Selects Veteran Crews
Selects M31 Recovery Vehicle
Selects War Machine
M8 Greyhound Armored Car
M1918 Browning Automatic Rifles
Construct Weapon Support Center
Selects Strength in Steel
Construct Medical Station
M1 Anti-tank Gun Team
Selects M8 Scott SPG
M8 Scott SPG
Mortar Pit
M8 Scott SPG
Improvised Armor
Designate Forward Repair Station
Rapid Repairs
Engineer Squad
Salvage Crew
Construct Tank Depot
Selects UNKNOWN (2160077)
M1 Anti-tank Gun Team
Riflemen Squad
dan legend
BorzoiWitcher
Dingo Enjoyer
yinqi222
0
0
Comments
sign in to comment!
No comments posted yet!